 Dungeon Crawl Stone Soup version 0.29-a0-11-ga75d3d97ab (webtiles) character file.

Game seed: 1784856769746093456

18 Parzival711 the Conjurer (level 2, 0/11 HPs)
             Began as a Felid Conjurer on Jan 28, 2022.
             Was an Initiate of Yredelemnul.
             Slain by a goblin (5 damage)
             ... led by Robin
             ... on level 2 of the Dungeon.
             The game lasted 00:07:32 (2232 turns).

Parzival711 the Conjurer (Felid Conjurer)           Turns: 2232, Time: 00:07:32

Health: 0/11       AC:  1    Str:  3    XL:     2   Next: 48%
Magic:  2/6        EV: 17    Int: 19    God:    Yredelemnul [......]
Gold:   23         SH:  0    Dex: 14    Spells: 4/5 levels left
                                        Lives:  0   Deaths: 0

rFire   . . .      SeeInvis +   (weapon unavailable)
rCold   . . .      Faith    .   (shield unavailable)
rNeg    . . .      Spirit   .   (armour unavailable)
rPois   .          Reflect  .   (helmet unavailable)
rElec   .          Harm     .   (cloak unavailable)
rCorr   .          Rampage  .   (gloves unavailable)
Will    .....      Clarity  +   (boots unavailable)
Stlth   +++.......              (no amulet)
HPRegen 0.83/turn               (no ring)
MPRegen 0.10/turn               (no ring)

@: quick
A: very small, claws 1, fangs 3, see invisible, speed 1, shaggy fur 1, stealthy
paws, no weapons or thrown items, no armour, multi-lived, camouflage 1, clarity,
regeneration 1, MP-powered wands
a: Renounce Religion, Recall Undead Harvest


You were on level 2 of the Dungeon.
You worshipped Yredelemnul.
Yredelemnul was noncommittal.
You visited 1 branch of the dungeon, and saw 2 of its levels.

You collected 23 gold pieces.

Inventory:

Scrolls
 e - a scroll of acquirement {unknown}
 f - 4 scrolls of identify {unknown}
Potions
 a - a potion of lignification


   Skills:
 + Level 2.8 Dodging
 + Level 3.0 Stealth
 + Level 2.1 Spellcasting
 + Level 4.1 Conjurations


You had 4 spell levels left.
You knew the following spells:

 Your Spells              Type           Power      Damage    Failure   Level
a - Magic Dart            Conj           68%        1d6       3%          1

Your spell library contained the following spells:

 Spells                   Type           Power      Damage    Failure   Level
 Searing Ray              Conj           34%        2d5       4%          2
 Dazzling Flash           Conj/Hex       18%        N/A       22%         3
 Fulminant Prism          Conj/Hex       4%         3d6       58%         4
 Iskenderun's Mystic Bla  Conj/Tloc      9%         2d4       58%         4


Dungeon Overview and Level Annotations

Branches:
Dungeon (2/15)

Altars:
Yredelemnul

Annotations:
D:2 Robin


Innate Abilities, Weirdness & Mutations

You have sharp claws.
You have razor-sharp teeth.
You have supernaturally acute eyesight. (SInv)
You cover ground quickly. (Speed+)
You are covered in fur. (AC +1)
Your paws help you pounce on unaware monsters.
You are incapable of wielding weapons or throwing items.
You cannot wear armour.
You gain extra lives every three experience levels.
Your skin changes colour to match your surroundings (Stealth+).
You possess an exceptional clarity of mind.
Your natural rate of healing is unusually fast.
You expend magic power (3 MP) to strengthen your wands.


Message History

You kill the goblin!
Robin shouts!
A black mist starts to gather...
Unknown command.
You begin recalling your allies.
You finish recalling your allies.
You swap places.
You swap places.
Robin roars a battlecry!
The goblins go into a battle-frenzy!
The goblin hits your goblin zombie with a +0 club.
Your goblin zombie barely misses the goblin.
The goblin barely misses your goblin zombie.
The goblin hits your goblin zombie with a +0 dagger.
Robin throws the goblin at you!
Your goblin zombie closely misses the goblin.
The goblin hits your goblin zombie with a +0 club.
The goblin hits you with a +0 dagger.
The goblin hits your goblin zombie with a +0 club.
Your goblin zombie is destroyed!
The goblin hits you with a +0 dagger.
There is a stone staircase leading up here.
You can't go down here!
The goblin hits you with a +0 dagger.
You climb upwards.
There is a stone staircase leading down here.
You can't go up here!
The goblin barely misses you.
You climb downwards.
Level annotation: Robin
There is a stone staircase leading up here.
There are monsters nearby!
There are monsters nearby!
There are monsters nearby!
There are monsters nearby!
There are monsters nearby!
There are monsters nearby!
You can't go down here!
The goblin hits you with a +0 dagger. x2
You die...
Your body rises from the dead as a mindless zombie.

#....<.gg..##..
#...######....Z #...#
#..(... ###.#
#..###.. #.#
#.)...g).
#.###.).##.g.
###.##..###....
#######...g...##.(...
#...@#.........g..>..
#...ggggg...####g....
#....##....## #.....
##########.....
###.... ####


You could see Robin and 4 goblins.

Vanquished Creatures
  A ball python (D:1)
  4 goblins
  A hobgoblin (D:1)
  2 quokkas
  4 bats (D:1)
  A frilled lizard (D:2)
  A kobold (D:1)
  A rat (D:1)
15 creatures vanquished.

Vanquished Creatures (collateral kills)
  A goblin (D:2)
1 creature vanquished.

Vanquished Creatures (others)
  A frilled lizard zombie (D:2)
  2 goblin zombies (D:2)
3 creatures vanquished.

Grand Total: 19 creatures vanquished

Notes
Turn   | Place    | Note
-------+----------+-------------------------------------------
     0 | D:1      | Parzival711 the Felid Conjurer began the quest for the Orb.
     0 | D:1      | Reached XP level 1. HP: 7/7 MP: 4/4
   700 | D:1      | Found a faded altar of an unknown god.
  1072 | D:1      | Reached XP level 2. HP: 11/11 MP: 1/6
  1644 | D:1      | Prayed at the altar of an unknown god.
  1644 | D:1      | Became a worshipper of Yredelemnul the Dark
  1644 | D:1      | Reached * piety under Yredelemnul
  1803 | D:2      | Gained mutation: Your skin changes colour to match your
                  | surroundings (Stealth+). [potion of mutation]
  1803 | D:2      | Gained mutation: You expend magic power (3 MP) to
                  | strengthen your wands. [potion of mutation]
  1803 | D:2      | Gained mutation: Your natural rate of healing is unusually
                  | fast. [potion of mutation]
  1803 | D:2      | Gained mutation: You possess an exceptional clarity of
                  | mind. [potion of mutation]
  1826 | D:2      | Reached skill level 4 in Conjurations
  2208 | D:2      | Noticed Robin
  2232 | D:2      | Slain by a goblin

Illustrated notes

Levels and vault maps discovered:
D:1:      scummos_arrival_star, layout_loops_cross,
          chequers_ecumenical_altar_simple_redux
D:2:      layout_rooms, basic_altar, uniq_jessica, uniq_robin

Skill      XL: |  1  2 |
---------------+-------+-----
Conjurations   | 4 |  4.1
Stealth        | 3 |  3.0
Dodging        | |  2.8
Spellcasting   | |  2.1

Action                   || total
-------------------------++-------
Melee: Unarmed           ||    25
       Bite              ||     2
 Cast: Magic Dart        ||    18
Invok: Recall Undead Har ||     2
  Use: Potion            ||     5
       Scroll            ||     1
Armor: Skin              ||     3
Dodge: Dodged            ||    28

Table legend: (Time is in decaauts)
 A = Elapsed time spent in this place.
 B = Non-inter-level travel time spent in this place.
 C = Inter-level travel time spent in this place.
 D = Time resting spent in this place.
 E = Time spent auto-exploring this place.
 F = Levels seen in this place.
 G = Mean time per level.
                   A        B        C        D        E       F      G
               +--------+--------+--------+--------+--------+-----+--------+
         Total |   2093 |   2032 |     61 |   1335 |    410 |   2 | 1046.5 |
       Dungeon |   2093 |   2032 |     61 |   1335 |    410 |   2 | 1046.5 |
               +--------+--------+--------+--------+--------+-----+--------+

Top non-repeatable levels by time:
     D:1: 1959 daAuts
     D:2: 133 daAuts
